 Dungeon Crawl Stone Soup version 0.29-a0-397-g846e4a0bbc (webtiles) character file.

Game seed: 5940303568311079322

101 bande the Prestidigitator (level 4, -5/37 HPs)
             Began as a Gnoll Wanderer on May 12, 2022.
             Slain by Crazy Yiuf
             ... wielding a +2 quarterstaff of chaos
              (14 damage)
             ... on level 2 of the Dungeon.
             The game lasted 00:04:54 (2412 turns).

bande the Prestidigitator (Gnoll Wanderer)          Turns: 2412, Time: 00:04:54

Health: -5/37      AC:  6    Str: 16    XL:     4   Next: 75%
Magic:  8/8        EV: 11    Int:  8    God:
Gold:   71         SH:  0    Dex: 12    Spells: 9/9 levels left

rFire   . . .      SeeInvis .   i - +2 hand axe (elec)
rCold   + . .      Faith    .   (no shield)
rNeg    . . .      Spirit   .   r - +0 ring mail {rC+}
rPois   .          Reflect  .   g - +0 helmet
rElec   .          Harm     .   (no cloak)
rCorr   .          Rampage  .   (no gloves)
Will    .....                   (no boots)
Stlth   ++........              (no amulet)
HPRegen 0.12/turn               (no ring)
MPRegen 0.11/turn               (no ring)

@: no status effects
A: fangs 1, strong nose, distributed training
a: no special abilities


You were on level 2 of the Dungeon.
You visited 1 branch of the dungeon, and saw 2 of its levels.

You collected 71 gold pieces.

Inventory:

Hand Weapons
 a - a +1 short sword
 i - a +2 hand axe of electrocution (weapon)
 l - a +0 flail
Missiles
 c - 11 poisoned darts (quivered)
 o - a throwing net
Armour
 g - a +0 helmet (worn)
 r - a +0 ring mail of cold resistance (worn)
Wands
 b - a wand of charming (8)
 p - a wand of mindburst (5)
Scrolls
 d - 2 scrolls of identify
 e - a scroll of fear
 k - a scroll of enchant weapon
 m - a scroll of teleportation
 q - a scroll of enchant armour {unknown}


   Skills:
 + Level 4.1 Fighting
 + Level 4.1 Short Blades
 + Level 3.2 Long Blades
 + Level 3.2 Axes
 + Level 3.2 Maces & Flails
 + Level 3.2 Polearms
 + Level 3.2 Staves
 + Level 3.2 Slings
 + Level 3.2 Bows
 + Level 3.2 Crossbows
 + Level 5.6 Throwing
 + Level 3.2 Armour
 + Level 3.2 Dodging
 + Level 4.0 Stealth
 + Level 3.2 Shields
 + Level 3.2 Unarmed Combat
 + Level 3.2 Spellcasting
 + Level 2.6 Conjurations
 + Level 2.6 Hexes
 + Level 2.6 Summonings
 + Level 2.6 Necromancy
 + Level 2.6 Translocations
 + Level 2.6 Transmutations
 + Level 2.6 Fire Magic
 + Level 2.6 Ice Magic
 + Level 2.6 Air Magic
 + Level 2.6 Earth Magic
 + Level 2.6 Poison Magic
 + Level 3.5 Invocations
 + Level 10.9 Evocations


You had 9 spell levels left.
You didn't know any spells.
Your spell library contained the following spells:

 Spells                   Type           Power      Damage    Failure   Level
 Ozocubu's Armour         Ice            5%         N/A       52%         3
 Metabolic Englaciation   Hex/Ice        2%         N/A       99%         5
 Simulacrum               Ice/Necr       2%         N/A       100%        6


Dungeon Overview and Level Annotations

Branches:
Dungeon (2/15)

Altars:

Annotations:
D:2 Crazy Yiuf


Innate Abilities, Weirdness & Mutations

You have very sharp teeth.
Your uncanny sense of smell can sniff out nearby items.
Your experience applies equally to all skills.


Message History

Crazy Yiuf closely misses you.
You bump into the tree.
Crazy Yiuf says, "Ice!
Mountain cloud leg."
Crazy Yiuf barely misses you.
You hit Crazy Yiuf.
Crazy Yiuf is moderately wounded.
Crazy Yiuf yells, "Tosser disdain pizzabubble!"
Crazy Yiuf hits you with a +2 quarterstaff of chaos.
Crazy Yiuf draws strength from your wounds!
Crazy Yiuf closely misses you.
You bump into the tree.
Crazy Yiuf barely misses you. Crazy Yiuf hits you but does no damage.
You are more confused.
You completely miss Crazy Yiuf. You bite Crazy Yiuf.
Crazy Yiuf is moderately wounded.
You feel less invigorated. Crazy Yiuf completely misses you.
You bump into the tree.
Crazy Yiuf barely misses you.
Crazy Yiuf hits you with a +2 quarterstaff of chaos!
You bump into the tree.
You feel yourself speed up.
Crazy Yiuf waves his quarterstaff at you.
Crazy Yiuf closely misses you.
Crazy Yiuf whimpers, "Dawk eyeball turtle!"
Crazy Yiuf misses you.
You bump into the tree.
You feel less confused. Crazy Yiuf closely misses you.
You hit Crazy Yiuf. You bite Crazy Yiuf, but do no damage.
Crazy Yiuf is heavily wounded.
Crazy Yiuf hits you with a +2 quarterstaff of chaos!
* * * LOW HITPOINT WARNING * * *
Crazy Yiuf burns you.
* * * LOW HITPOINT WARNING * * *
You completely miss Crazy Yiuf.
Crazy Yiuf is heavily wounded.
Crazy Yiuf closely misses you.
You hit Crazy Yiuf. You bite Crazy Yiuf, but do no damage.
Crazy Yiuf is severely wounded.
Crazy Yiuf hits you with a +2 quarterstaff of chaos!
You die...

##########......).[....)......#
######..#########....# #...)#
#....# ♣PP.P♣ ###### ♣♣P..♣
♣♣.♣♣ ♣♣.♣ ♣.♣♣ ♣♣@♣ ♣g♣♣ #'#
... #...# #)..# #####


You could see Crazy Yiuf.

Vanquished Creatures
  Robin (D:1)
  An adder (D:2)
  2 dart slugs (D:2)
  An orc (D:2)
  3 endoplasms (D:1)
  12 goblins
  8 hobgoblins
  2 quokkas (D:1)
  4 ball pythons
  4 bats
  2 frilled lizards (D:1)
  7 kobolds
  4 rats
51 creatures vanquished.

Vanquished Creatures (others)
  58 plants (D:1)
58 creatures vanquished.

Grand Total: 109 creatures vanquished

Notes
Turn   | Place    | Note
-------+----------+-------------------------------------------
     0 | D:1      | Reached skill level 10 in Evocations
     0 | D:1      | bande the Gnoll Wanderer began the quest for the Orb.
     0 | D:1      | bande set off with the following items: a +0 short sword, a
                  | wand of charming (8), 11 poisoned darts, a +0 dagger, a
                  | scroll of fear, a +0 leather armour
     0 | D:1      | Reached XP level 1. HP: 17/17 MP: 1/1
   339 | D:1      | Reached XP level 2. HP: 23/23 MP: 2/2
   358 | D:1      | Reached skill level 5 in Throwing
   358 | D:1      | Reached XP level 3. HP: 30/30 MP: 2/7
  1292 | D:2      | Noticed Robin
  1777 | D:1      | Killed Robin
  1778 | D:1      | Reached XP level 4. HP: 33/37 MP: 8/8
  2168 | D:2      | Found a runed translucent door.
  2169 | D:2      | Noticed Crazy Yiuf
  2412 | D:2      | Slain by Crazy Yiuf

Illustrated notes

Levels and vault maps discovered:
D:1:      roderic_crop_circles_arrival_small, layout_basic
D:2:      layout_rooms, uniq_robin, uniq_crazy_yiuf_cottage

Skill      XL: |  1  2 |
---------------+-------+-----
Evocations     | | 10.9
Fighting       | 4 |  4.1
Short Blades   | 4 |  4.1
Long Blades    | 3 |  3.2
Axes           | 3 |  3.2
Maces & Flails | 3 |  3.2
Polearms       | 3 |  3.2
Staves         | 3 |  3.2
Slings         | 3 |  3.2
Bows           | 3 |  3.2
Crossbows      | 3 |  3.2
Throwing       | 5 |  5.6
Armour         | 3 |  3.2
Dodging        | 3 |  3.2
Stealth        | 4 |  4.0
Shields        | 3 |  3.2
Unarmed Combat | 3 |  3.2
Spellcasting   | 3 |  3.2
Conjurations   | 2 |  2.6
Hexes          | 2 |  2.6
Summonings     | 2 |  2.6
Necromancy     | 2 |  2.6
Translocations | 2 |  2.6
Transmutations | 2 |  2.6
Fire Magic     | 2 |  2.6
Ice Magic      | 2 |  2.6
Air Magic      | 2 |  2.6
Earth Magic    | 2 |  2.6
Poison Magic   | 2 |  2.6
Invocations    | 3 |  3.5

Action                   |  1- 3 |  4- 6 || total
-------------------------+-------+-------++-------
Melee: Short sword       |    22 |       ||    22
       Bite              |     6 |     6 ||    12
       Hand axe          |    55 |    40 ||    95
       Punch             |     1 |       ||     1
  Use: Scroll            |     4 |     1 ||     5
       Potion            |     1 |     3 ||     4
 Stab: Sleeping          |     9 |     1 ||    10
Armor: Leather armour    |    22 |    10 ||    32
       Ring mail         |       |     1 ||     1
Dodge: Dodged            |    51 |    28 ||    79

Table legend: (Time is in decaauts)
 A = Elapsed time spent in this place.
 B = Non-inter-level travel time spent in this place.
 C = Inter-level travel time spent in this place.
 D = Time resting spent in this place.
 E = Time spent auto-exploring this place.
 F = Levels seen in this place.
 G = Mean time per level.
                   A        B        C        D        E       F      G
               +--------+--------+--------+--------+--------+-----+--------+
         Total |   2437 |   2437 |      0 |    422 |   1583 |   2 | 1218.5 |
       Dungeon |   2437 |   2437 |      0 |    422 |   1583 |   2 | 1218.5 |
               +--------+--------+--------+--------+--------+-----+--------+

Top non-repeatable levels by time:
     D:1: 1710 daAuts
     D:2: 727 daAuts
